[Event "Titled Tuesday Blitz March 08 Late 2022"]
[White "Korchmar, Vasiliy"]
[Black "Salinas Herrera, Pablo"]
[WhiteFideId "24131750"]
[BlackFideId "3407128"]
[WhiteElo "2370"]
[BlackElo "2541"]
[Result "0-1"]
[Round "06"]
[TimeControl "180+1"]
[Date "2022.03.08"]
[WhiteClock "0:00:01"]
[BlackClock "0:00:04"]

1. e4 c5 2. Nf3 e6 3. d4 cxd4 4. Nxd4 a6 5. g3 d6 6. Bg2 Qc7 7. O-O Nc6 8. Nc3 Be7 9. Nb3 Nf6 10. a4 O-O 11. a5 Bd7 12. f4 Rac8 13. Be3 Qb8 14. g4 Be8 15. g5 Nd7 16. Rf3 g6 17. Rh3 b5 18. Qg4 f5 19. gxf6 Nxf6 20. Qe2 Bf7 21. Rf1 Bd8 22. f5 Ne5 23. Nd4 Re8 24. fxe6 Bxe6 25. Nxe6 Rxe6 26. Nd5 Nxd5 27. exd5 Rf6 28. c3 Rxf1+ 29. Qxf1 Bxa5 30. Bh6 Rc7 31. Qf6 Qe8 32. Qxd6 Rd7 33. Qe6+ Qxe6 34. dxe6 Rd1+ 35. Kf2 Ng4+ 36. Ke2 Rd6 37. Be3 h5 38. Rg3 Bb6 39. Bxb6 Rxb6 40. Kd3 Kg7 41. Bd5 Rd6 42. c4 Ne5+ 43. Kd4 Nxc4 44. Kc5 Rd8 45. Bc6 Kf6 0-1


[Site "https://www.chess.com"]

[Event "Titled Tuesday Blitz March 08 Late 2022"]
[White "Kosakowski, Jakub"]
[Black "Muradli, Mahammad"]
[WhiteFideId "1185080"]
[BlackFideId "13409301"]
[WhiteElo "2476"]
[BlackElo "2611"]
[Result "1-0"]
[Round "06"]
[TimeControl "180+1"]
[Date "2022.03.08"]
[WhiteClock "0:01:12"]
[BlackClock "0:00:01"]

1. d4 d6 2. c4 g6 3. Nf3 Bg7 4. g3 c5 5. Bg2 Nc6 6. dxc5 dxc5 7. Qxd8+ Nxd8 8. O-O Nc6 9. Nc3 Bxc3 10. bxc3 Nf6 11. Be3 b6 12. Ne5 Nxe5 13. Bxa8 Nxc4 14. Bg5 h6 15. Bxf6 exf6 16. Bd5 Na5 17. e4 Ke7 18. f4 Rd8 19. Rad1 Ba6 20. Rfe1 h5 21. Kf2 Rc8 22. e5 f5 23. e6 f6 24. Bb3 Bb5 25. Rd7+ Bxd7 26. exd7+ Kxd7 27. Be6+ Kc7 28. Bxc8 Kxc8 29. Re6 Nc4 30. Rxf6 Nd2 31. Rxg6 Ne4+ 32. Kf3 Nxc3 33. Rg5 Nxa2 34. Rxh5 a5 35. Rxf5 a4 36. h4 a3 37. Re5 c4 38. h5 c3 39. h6 c2 40. Re1 Nb4 41. h7 1-0


[Site "https://www.chess.com"]

[Event "Titled Tuesday Blitz March 08 Late 2022"]
[White "Kostiukov, Alexandr"]
[Black "Vargas Pereda, Jesus Manue"]
[WhiteFideId "14108100"]
[BlackFideId "5115710"]
[WhiteElo "2202"]
[BlackElo "1779"]
[Result "1-0"]
[Round "06"]
[TimeControl "180+1"]
[Date "2022.03.09"]
[WhiteClock "0:00:12"]
[BlackClock "0:00:03"]

1. e4 c5 2. Nf3 a6 3. d4 cxd4 4. Nxd4 Nf6 5. Nc3 e5 6. Nb3 Bb4 7. Bd3 d5 8. O-O Bxc3 9. bxc3 dxe4 10. Bc4 O-O 11. Bg5 Nbd7 12. Qd6 Qb6 13. Rad1 h6 14. Be3 Qxd6 15. Rxd6 b5 16. Be2 Bb7 17. Na5 Rab8 18. Rfd1 Bc8 19. Nc6 Rb7 20. Ne7+ Kh8 21. Rxa6 Rc7 22. Ra8 Rxc3 23. Bxb5 Bb7 24. Rxf8+ Nxf8 25. Rd8 g5 26. Rxf8+ Kg7 27. Rb8 Rxc2 28. Rxb7 Rxa2 29. h3 Ra1+ 30. Kh2 Rb1 31. Nf5+ Kg6 32. g4 h5 33. Bc6 Rf1 34. Kg2 Ra1 35. Ne7+ Kg7 36. Bxg5 hxg4 37. Bxf6+ Kxf6 38. hxg4 Ra2 39. Nd5+ Kg5 40. Ne3 Kf4 41. Rxf7+ Kg5 42. Rf5+ Kg6 43. Bxe4 Kh6 44. Rh5+ 1-0


[Site "https://www.chess.com"]

[Event "Titled Tuesday Blitz March 08 Late 2022"]
[White "Koutlas, Nikolaos"]
[Black "Chiu, Isaac"]
[WhiteFideId "25827138"]
[BlackFideId "30900654"]
[WhiteElo "2453"]
[BlackElo "2626"]
[Result "1-0"]
[Round "06"]
[TimeControl "180+1"]
[Date "2022.03.09"]
[WhiteClock "0:00:06"]
[BlackClock "0:00:07"]

1. c4 b6 2. Nc3 Bb7 3. e4 e5 4. g3 h5 5. h4 Nf6 6. Bg2 Bc5 7. Nf3 Ng4 8. O-O Nc6 9. a3 a5 10. Nd5 Nd4 11. d3 f6 12. Bh3 c6 13. Ne3 Nxe3 14. fxe3 Nxf3+ 15. Qxf3 d5 16. exd5 cxd5 17. Be6 e4 18. Qf5 Qd6 19. Rf4 dxc4 20. Bxc4 exd3 21. Bd2 Qc6 22. Qh3 Bc8 23. Qg2 Qxg2+ 24. Kxg2 Bb7+ 25. Kf2 O-O-O 26. b4 axb4 27. axb4 Bd6 28. Rd4 Rhe8 29. Rxd3 Be5 30. Rxd8+ Rxd8 31. Rd1 Bc3 32. Ke2 Bxd2 33. Rxd2 Rxd2+ 34. Kxd2 Kd7 35. Kc3 Kd6 36. Kd4 g5 37. Be2 g4 38. Bd3 Bf3 39. Bg6 Kc6 40. Bxh5 Kb5 41. Kc3 f5 42. Be8+ Ka6 43. Bd7 Bc6 44. Bxc6 1-0


[Site "https://www.chess.com"]

[Event "Titled Tuesday Blitz March 08 Late 2022"]
[White "Kovanova, Baira"]
[Black "Lopez Del Alamo, Antonio"]
[WhiteFideId "4164083"]
[BlackFideId "2227339"]
[WhiteElo "2190"]
[BlackElo "2082"]
[Result "0-1"]
[Round "06"]
[TimeControl "180+1"]
[Date "2022.03.09"]
[WhiteClock "0:00:01"]
[BlackClock "0:00:13"]

1. e4 c5 2. Nf3 e6 3. d3 Nc6 4. g3 g6 5. Bg2 Bg7 6. O-O Nge7 7. Re1 d5 8. Qe2 Qc7 9. e5 g5 10. Bxg5 Ng6 11. Bf6 Bxf6 12. exf6 Qd8 13. Nc3 O-O 14. Ng5 Qxf6 15. Qh5 Qg7 16. h4 Nd4 17. Rac1 Bd7 18. Ne2 Nxe2+ 19. Rxe2 h6 20. Nf3 Qxb2 21. Qxh6 Qg7 22. Qd2 Kh8 23. h5 Ne7 24. Ne5 Be8 25. Rb1 b6 26. Qf4 f6 27. Ng6+ Bxg6 28. hxg6 e5 29. Qh4+ Kg8 30. c4 Rad8 31. cxd5 Qxg6 32. Re4 Qh7 33. Qg4+ Kh8 34. Qe6 Ng6 35. d6 Qd7 36. Qc4 Qxd6 37. Rg4 f5 38. Rg5 Kg7 39. Bf3 Kf6 40. Rh5 Qxd3 41. Qxd3 Rxd3 42. Kg2 Rg8 43. Kf1 Rxf3 44. Rd1 Re8 45. Rd6+ Re6 46. Rd8 Ra3 47. Rh6 Kg7 48. Rh5 f4 0-1


[Site "https://www.chess.com"]

[Event "Titled Tuesday Blitz March 08 Late 2022"]
[White "Kujawski, Adam"]
[Black "Senft, Sean"]
[WhiteFideId "1100920"]
[BlackFideId "2044960"]
[WhiteElo "2053"]
[BlackElo "1881"]
[Result "1-0"]
[Round "06"]
[TimeControl "180+1"]
[Date "2022.03.09"]
[WhiteClock "0:00:04"]
[BlackClock "0:01:45"]

1. e4 c5 2. Nf3 d6 3. d4 cxd4 4. Nxd4 Nf6 5. Nc3 a6 6. Bg5 e6 7. f4 Qb6 8. Qd3 Nc6 9. Bxf6 gxf6 10. Nb3 Bd7 11. O-O-O O-O-O 12. Kb1 Be7 13. g3 Kb8 14. f5 Rc8 15. fxe6 fxe6 16. Bh3 Rc7 17. Rhe1 Rhc8 18. Qe3 Qxe3 19. Rxe3 Ne5 20. Nd4 Nc4 21. Re2 e5 22. Bxd7 Rxd7 23. Nf5 Bf8 24. Nd5 Rc6 25. c3 Rf7 26. Nfe3 Nb6 27. Nf5 h5 28. Nxb6 Rxb6 29. Ne3 Kc8 30. Nd5 Rc6 31. Rf1 Bg7 32. Kc2 Kd7 33. Kd3 Ke6 34. Ref2 b5 35. Rf5 h4 36. gxh4 Rc8 37. Rg1 Rh8 38. Rg4 Rh6 39. h5 Bh8 40. Rg6 Rfh7 41. Nc7+ Kd7 42. Nxa6 Rxh5 43. Rxh5 Rxh5 44. Rg2 Ke6 45. Nb4 Rh3+ 46. Kc2 Rh4 47. Kd3 Rh7 48. Nd5 Bg7 49. Ne3 Rh3 50. Rxg7 Rxh2 51. Nf5 Rh3+ 52. Kc2 Rh2+ 53. Kb3 Rh7 54. Rxh7 d5 55. Re7# 1-0


[Site "https://www.chess.com"]

[Event "Titled Tuesday Blitz March 08 Late 2022"]
[White "Kushko, Dmitriy"]
[Black "Wartiovaara, Oliver"]
[WhiteFideId "14162261"]
[BlackFideId "513024"]
[WhiteElo "2225"]
[BlackElo "1971"]
[Result "1-0"]
[Round "06"]
[TimeControl "180+1"]
[Date "2022.03.09"]
[WhiteClock "0:00:07"]
[BlackClock "0:00:01"]

1. Nf3 Nf6 2. g3 g6 3. Bg2 Bg7 4. c4 O-O 5. O-O d6 6. d4 Nc6 7. Nc3 e5 8. d5 Nb8 9. e4 a5 10. Bg5 h6 11. Be3 Nfd7 12. Qd2 Kh7 13. h4 Na6 14. Nh2 Nac5 15. h5 gxh5 16. Nf3 Nf6 17. Bxc5 dxc5 18. Nxe5 Nxd5 19. Nxf7 Rxf7 20. cxd5 Bd4 21. Ne2 Qf6 22. Nxd4 cxd4 23. f4 c5 24. dxc6 bxc6 25. e5 Qg6 26. Kh2 Rb8 27. Qxd4 Rg7 28. Qf2 c5 29. f5 Qg4 30. e6 h4 31. gxh4 Rxb2 32. Qxb2 Qxh4+ 33. Kg1 Bb7 34. Rf2 Bxg2 35. Rxg2 Rxg2+ 36. Kxg2 Qg4+ 37. Kf2 Qxf5+ 38. Ke2 Qxe6+ 39. Kd2 Qd5+ 40. Kc1 Qh1+ 41. Kc2 Qg2+ 42. Kb3 Qd5+ 43. Ka4 Qc6+ 44. Qb5 1-0


[Site "https://www.chess.com"]

[Event "Titled Tuesday Blitz March 08 Late 2022"]
[White "Leiva, Gianmarco"]
[Black "orkinyo12345"]
[WhiteFideId "3804399"]
[WhiteElo "2311"]
[BlackElo "2518"]
[Result "0-1"]
[Round "06"]
[TimeControl "180+1"]
[Date "2022.03.08"]
[WhiteClock "0:00:02"]
[BlackClock "0:00:01"]

1. e4 c5 2. Nf3 d6 3. c3 Nf6 4. h3 g6 5. Be2 Bg7 6. O-O O-O 7. d3 b5 8. Nbd2 Nc6 9. d4 Rb8 10. d5 Na5 11. Rb1 e6 12. b4 cxb4 13. cxb4 Nc4 14. Nxc4 bxc4 15. Bxc4 Nxe4 16. Bb2 Bxb2 17. Rxb2 e5 18. Qa4 Qb6 19. Re1 Nf6 20. a3 Bf5 21. Nh4 Bd7 22. Qd1 Rfc8 23. Bf1 a5 24. Qd2 axb4 25. axb4 Bb5 26. Qg5 Qd8 27. Nf5 Nxd5 28. Qd2 Bxf1 29. Rxf1 Nxb4 30. Nh6+ Kg7 0-1


[Site "https://www.chess.com"]

[Event "Titled Tuesday Blitz March 08 Late 2022"]
[White "Li, Ben"]
[Black "Moksh Amit Doshi"]
[WhiteFideId "2089980"]
[BlackFideId "25064967"]
[WhiteElo "2267"]
[BlackElo "2245"]
[Result "1-0"]
[Round "06"]
[TimeControl "180+1"]
[Date "2022.03.08"]
[WhiteClock "0:00:12"]
[BlackClock "0:00:18"]

1. d4 Nf6 2. c4 e6 3. Nf3 d5 4. Nc3 Bb4 5. Bd2 O-O 6. a3 Bxc3 7. Bxc3 dxc4 8. e3 b5 9. a4 c6 10. axb5 cxb5 11. b3 cxb3 12. Qxb3 Qd5 13. Qxb5 Nc6 14. Bc4 Qxb5 15. Bxb5 Bb7 16. Ke2 Rfc8 17. Rhc1 Rab8 18. Bd3 h6 19. Bd2 Nd5 20. g4 a5 21. h4 Ncb4 22. Rxc8+ Rxc8 23. Rxa5 Nxd3 24. Kxd3 Nf6 25. Ne5 Be4+ 26. Ke2 Rc2 27. f3 Bd5 28. g5 hxg5 29. hxg5 Nh5 30. Kd3 Rb2 31. Ra7 f6 32. gxf6 gxf6 33. e4 Bxe4+ 34. fxe4 fxe5 35. dxe5 Rb3+ 36. Kc4 Rb8 37. Bg5 Ng3 38. Kd4 Rb4+ 39. Kc5 Rxe4 40. Kd6 Rg4 41. Bf6 Nf5+ 42. Kxe6 Nd4+ 43. Kd5 Nb5 44. Rb7 Nc3+ 45. Ke6 Ne4 46. Rb8+ Kh7 47. Rh8+ Kg6 48. Rg8+ Kh5 49. Rh8+ Kg6 50. Rg8+ Kh5 51. Rf8 Kg6 52. Ke7 Rg1 53. Rg8+ Kf5 54. Rxg1 Nc5 55. Rf1+ Ke4 56. e6 Kd5 57. Rd1+ 1-0


[Site "https://www.chess.com"]

[Event "Titled Tuesday Blitz March 08 Late 2022"]
[White "Makarian, Rudik"]
[Black "Martirosyan, Haik M."]
[WhiteFideId "44105681"]
[BlackFideId "13306553"]
[WhiteElo "2388"]
[BlackElo "2735"]
[Result "0-1"]
[Round "06"]
[TimeControl "180+1"]
[Date "2022.03.08"]
[WhiteClock "0:00:10"]
[BlackClock "0:00:39"]

1. d4 d5 2. c4 c6 3. Nf3 Nf6 4. Nc3 e6 5. Bg5 h6 6. Bh4 dxc4 7. e4 g5 8. Bg3 b5 9. h4 g4 10. Ne5 h5 11. Be2 Bg7 12. O-O Bb7 13. Rb1 Nbd7 14. b3 Nxe5 15. Bxe5 cxb3 16. Qxb3 O-O 17. Rfd1 a6 18. g3 Qe7 19. Bxf6 Qxf6 20. e5 Qe7 21. Ne4 c5 22. Nxc5 Bd5 23. Qe3 f5 24. f4 Rfd8 25. Rb2 Bf8 26. Bf1 Bf3 27. Rc1 Rd5 28. Bg2 Bxg2 29. Kxg2 Rad8 30. Rd2 a5 31. Qb3 b4 32. Qc4 Rxc5 33. dxc5 Rxd2+ 34. Kh1 Rd5 35. c6 Qc7 36. Kh2 Be7 37. Qa6 Kf7 38. Qa8 Qb6 39. Qh8 Qf2+ 40. Kh1 Qf3+ 41. Kg1 Qxg3+ 42. Kh1 Qxh4+ 43. Kg1 Bc5+ 44. Rxc5 Rd1+ 0-1


[Site "https://www.chess.com"]

[Event "Titled Tuesday Blitz March 08 Late 2022"]
[White "Maksimovic, Bojan"]
[Black "Beerdsen, Thomas"]
[WhiteFideId "14408120"]
[BlackFideId "1030108"]
[WhiteElo "2448"]
[BlackElo "2585"]
[Result "1-0"]
[Round "06"]
[TimeControl "180+1"]
[Date "2022.03.08"]
[WhiteClock "0:00:04"]
[BlackClock "0:00:55"]

1. a3 a6 2. g3 h5 3. Nf3 Nc6 4. b4 e5 5. d3 d5 6. h4 Bg4 7. Bb2 e4 8. dxe4 dxe4 9. Qxd8+ Rxd8 10. Ng5 Nf6 11. Bxf6 gxf6 12. Nxe4 Nd4 13. Ra2 Bf5 14. Bg2 Bg7 15. c3 Nb3 16. Rb2 Be6 17. O-O Ke7 18. Re1 b6 19. Nbd2 f5 20. Nxb3 fxe4 21. Nd4 Bxd4 22. cxd4 Rxd4 23. Rc1 Rc8 24. Rbc2 Kd7 25. e3 Rd3 26. Bxe4 Rxa3 27. Bb7 Rb8 28. Rxc7+ Kd6 29. Bf3 a5 30. bxa5 bxa5 31. Bxh5 a4 32. Bxf7 Bxf7 33. Rxf7 Ra2 34. Rcc7 a3 35. Ra7 Rb3 36. Kg2 Rc2 37. h5 a2 38. h6 Rb8 39. Rf6+ Ke5 40. Rfa6 Rh8 41. Ra5+ Ke4 42. Ra4+ Kf5 43. Rxa2 Rxa2 44. Rxa2 Ra8 45. Rxa8 1-0


[Site "https://www.chess.com"]

[Event "Titled Tuesday Blitz March 08 Late 2022"]
[White "Manukyan, Sargis A."]
[Black "Szpar, Milosz"]
[WhiteFideId "13303970"]
[BlackFideId "1184989"]
[WhiteElo "2187"]
[BlackElo "2447"]
[Result "1-0"]
[Round "06"]
[TimeControl "180+1"]
[Date "2022.03.08"]
[WhiteClock "0:00:22"]
[BlackClock "0:00:12"]

1. d4 Nf6 2. c4 e6 3. Nc3 c5 4. d5 exd5 5. cxd5 d6 6. Nf3 g6 7. Bf4 a6 8. Nd2 b5 9. a4 b4 10. Nce4 Nh5 11. Be3 f5 12. g4 Ng7 13. gxf5 Nxf5 14. Bg5 Be7 15. Bxe7 Qxe7 16. Qc2 Nd7 17. Nc4 a5 18. Bh3 O-O 19. Bxf5 Rxf5 20. O-O-O Ra6 21. h4 Nf6 22. Nxf6+ Qxf6 23. f3 Rf4 24. Qb3 Bd7 25. h5 g5 26. h6 Ra7 27. Kb1 Be8 28. Rdf1 Re7 29. Rh2 Rh4 30. Rxh4 gxh4 31. Rg1+ Kh8 32. e4 Qxh6 33. Qc2 Qf6 34. Qh2 Qxf3 35. Nxd6 Bg6 36. Qxh4 Qf8 37. Rxg6 Re5 38. Qf6+ Qxf6 39. Rxf6 Kg7 40. Rf5 Rxf5 41. Nxf5+ Kf6 42. Kc2 Ke5 43. Kd3 h5 44. Nh4 Kd6 45. Kc4 Ke5 46. Kxc5 Kxe4 47. d6 Kd3 48. d7 Kc2 49. d8=Q Kxb2 50. Qd3 b3 51. Kc4 Ka3 52. Qxb3# 1-0


[Site "https://www.chess.com"]

[Event "Titled Tuesday Blitz March 08 Late 2022"]
[White "Maranhao,Jose Renato Ruiz"]
[Black "Desideri, Ricardo Maruchi"]
[WhiteFideId "2135175"]
[BlackFideId "2110440"]
[WhiteElo "1970"]
[BlackElo "1945"]
[Result "1-0"]
[Round "06"]
[TimeControl "180+1"]
[Date "2022.03.09"]
[WhiteClock "0:00:07"]
[BlackClock "0:00:01"]

1. e4 c5 2. d4 cxd4 3. c3 d5 4. exd5 Qxd5 5. cxd4 e6 6. Nc3 Bb4 7. Nf3 Nc6 8. Bd3 Nf6 9. O-O Qd8 10. a3 Be7 11. Re1 O-O 12. Bg5 a6 13. Rc1 Nd5 14. Bxe7 Ndxe7 15. Bxh7+ Kxh7 16. Ng5+ Kg6 17. Qg4 f5 18. Qg3 Kf6 19. Nh7+ Kf7 20. Nxf8 Kxf8 21. Rcd1 Nd5 22. Qg6 Nce7 23. Qh7 Kf7 24. Qh5+ Kg8 25. Rd3 Nf6 26. Qh4 Qe8 27. Rh3 Ng6 28. Qg5 Kf7 29. d5 Qe7 30. Rg3 Ng4 31. Qxe7+ Nxe7 32. h3 Nf6 33. d6 Ned5 34. Nxd5 Nxd5 35. Rc1 Bd7 36. b4 Bc6 37. a4 Rd8 38. b5 axb5 39. axb5 Bd7 40. Rb3 Be8 41. Ra1 Rxd6 42. Ra7 Rd8 43. b6 Bc6 44. g4 fxg4 45. hxg4 Kg6 46. f3 Re8 47. Kf2 Rf8 48. Rb1 Rf4 49. Rb3 Rd4 50. Raa3 Rd2+ 51. Kg3 Rd4 52. Rd3 Rxd3 53. Rxd3 Kf6 54. Rb3 g6 55. f4 g5 56. fxg5+ Kxg5 57. Rf3 Kg6 58. Rf8 e5 59. Rd8 e4 60. Rd6+ 1-0


[Site "https://www.chess.com"]

[Event "Titled Tuesday Blitz March 08 Late 2022"]
[White "Martin Barcelo, Carles"]
[Black "Rudzinska, Michalina"]
[WhiteFideId "24561444"]
[BlackFideId "1172883"]
[WhiteElo "1875"]
[BlackElo "1904"]
[Result "1-0"]
[Round "06"]
[TimeControl "180+1"]
[Date "2022.03.09"]
[WhiteClock "0:01:18"]
[BlackClock "0:00:44"]

1. e4 c5 2. Nf3 e6 3. g3 Nc6 4. Bg2 Nf6 5. Qe2 d6 6. O-O Be7 7. c3 O-O 8. d4 cxd4 9. cxd4 e5 10. d5 Nb8 11. Nc3 b6 12. Re1 Ba6 13. Qd1 Nbd7 14. Bf1 Bxf1 15. Kxf1 Rc8 16. Kg2 Rc4 17. Qd3 Qc8 18. Nd2 Rc7 19. Nb3 a6 20. Be3 b5 21. a4 b4 22. Na2 Rc4 23. Rac1 Rxc1 24. Rxc1 Qb7 25. Na5 Qa8 26. Nxb4 Rc8 27. Rxc8+ Qxc8 28. Qxa6 Qxa6 29. Nxa6 Nxe4 30. Nc6 Bf8 31. b4 Nef6 32. Nc7 Ne4 33. a5 f5 34. a6 f4 35. gxf4 exf4 36. Bxf4 Nb6 37. a7 Nc3 38. Be3 Ncxd5 39. Nxd5 Na8 40. Nb6 Nc7 41. Nd5 Na8 42. b5 g6 43. b6 1-0


[Site "https://www.chess.com"]

[Event "Titled Tuesday Blitz March 08 Late 2022"]
[White "Martin Duque, Jesus"]
[Black "Rustemov, Alexander"]
[WhiteFideId "2208954"]
[BlackFideId "4119002"]
[WhiteElo "2243"]
[BlackElo "2759"]
[Result "1-0"]
[Round "06"]
[TimeControl "180+1"]
[Date "2022.03.08"]
[WhiteClock "0:00:31"]
[BlackClock "0:00:19"]

1. Nf3 d5 2. b3 Nf6 3. Bb2 Bf5 4. d3 h6 5. Nbd2 e6 6. g3 Be7 7. Bg2 O-O 8. O-O c6 9. Re1 Bh7 10. e4 a5 11. a4 Na6 12. Re2 Nb4 13. Nd4 Qb6 14. e5 Nd7 15. N2f3 Rfe8 16. h4 Rac8 17. h5 Nf8 18. Qd2 Bc5 19. Rae1 Qc7 20. g4 Qe7 21. g5 hxg5 22. Nxg5 Bxd4 23. Bxd4 Nxc2 24. Nxh7 Nxe1 25. Nf6+ Kh8 26. Rxe1 c5 27. Bb2 d4 28. Qg5 Nh7 29. Nxh7 Kxh7 30. Be4+ Kh8 31. Qg4 f5 32. exf6 gxf6 33. Bg6 Rg8 34. Qxe6 Qg7 35. Bc1 Rc6 36. Qf5 Rc7 37. Bd2 b6 38. Bf4 Re7 39. Re6 Rf8 40. Kf1 Rb7 41. Bd6 b5 42. Bxf8 Qxf8 43. Re8 1-0


[Site "https://www.chess.com"]

[Event "Titled Tuesday Blitz March 08 Late 2022"]
[White "Martins, Carlos"]
[Black "Clawitter, Craig"]
[WhiteFideId "2101688"]
[BlackFideId "2023105"]
[WhiteElo "2183"]
[BlackElo "2260"]
[Result "1-0"]
[Round "06"]
[TimeControl "180+1"]
[Date "2022.03.09"]
[WhiteClock "0:00:46"]
[BlackClock "0:00:02"]

1. e4 e6 2. d4 d5 3. Nc3 Bb4 4. e5 c5 5. Bd2 Nh6 6. a3 Bxc3 7. Bxc3 Nf5 8. Nf3 cxd4 9. Nxd4 Nxd4 10. Qxd4 Nc6 11. Bb5 O-O 12. Qf4 Bd7 13. O-O-O Rc8 14. Rhe1 Qb6 15. Bd3 Na5 16. Bd4 Nb3+ 17. Kb1 Nxd4 18. Re3 Nf5 19. Rh3 h6 20. g4 Ne7 21. Rxh6 gxh6 22. Qxh6 Ng6 23. Bxg6 fxg6 24. Qxg6+ Kh8 25. Rd3 Qxf2 26. Rh3+ Qh4 27. Rxh4# 1-0


[Site "https://www.chess.com"]

[Event "Titled Tuesday Blitz March 08 Late 2022"]
[White "Mikhalsky, Vladimir"]
[Black "Supatashvili, Khvicha"]
[WhiteFideId "14144352"]
[BlackFideId "13600664"]
[WhiteElo "2301"]
[BlackElo "2695"]
[Result "1-0"]
[Round "06"]
[TimeControl "180+1"]
[Date "2022.03.09"]
[WhiteClock "0:00:31"]
[BlackClock "0:00:03"]

1. c4 e5 2. Nc3 Nc6 3. g3 g6 4. Bg2 Bg7 5. e3 d6 6. Nge2 Nf6 7. d3 O-O 8. O-O Be6 9. Nd5 Qd7 10. Rb1 Bh3 11. e4 Bxg2 12. Kxg2 Nh5 13. b4 f5 14. b5 Nd8 15. f3 Ne6 16. Qc2 Rf7 17. a4 Raf8 18. a5 c6 19. bxc6 bxc6 20. Ndc3 fxe4 21. dxe4 Nd4 22. Nxd4 exd4 23. Ne2 c5 24. a6 Qc6 25. Nf4 Nxf4+ 26. Bxf4 Qxa6 27. Ra1 Qc6 28. Qa4 Qc7 29. Qa5 Qe7 30. Qa6 Be5 31. Bh6 Re8 32. h4 Bf6 33. Bf4 Be5 34. Bg5 Qd7 35. Qa4 Qc8 36. Qa6 Qe6 37. Qc6 Rc8 38. Qd5 Qxd5 39. exd5 Rb8 40. Ra6 Rb6 41. Rfa1 Rxa6 42. Rxa6 Rd7 43. Kf2 h5 44. Bd2 Kf7 45. f4 Bf6 46. Kf3 Bd8 47. Ba5 Bxa5 48. Rxa5 Rb7 49. Ra6 Ke7 50. f5 gxf5 51. Kf4 d3 52. Ke3 Rb3 53. Rxa7+ Kf6 54. Rd7 d2+ 55. Kxd2 Ke5 56. Re7+ Kd4 57. Re6 Rxg3 58. Rxd6 Rg2+ 59. Ke1 f4 60. Rf6 Ke3 61. Kf1 Rd2 62. d6 f3 63. Re6+ Kf4 64. Rg6 1-0


[Site "https://www.chess.com"]

[Event "Titled Tuesday Blitz March 08 Late 2022"]
[White "Miszler, Levente"]
[Black "Hamitevici, Vladimir"]
[WhiteFideId "763276"]
[BlackFideId "13902393"]
[WhiteElo "2399"]
[BlackElo "2604"]
[Result "0-1"]
[Round "06"]
[TimeControl "180+1"]
[Date "2022.03.09"]
[WhiteClock "0:00:16"]
[BlackClock "0:00:34"]

1. Nf3 g6 2. c4 Bg7 3. g3 b6 4. Bg2 Bb7 5. O-O Nf6 6. Nc3 Ne4 7. Nxe4 Bxe4 8. d3 Bb7 9. Rb1 c5 10. b3 O-O 11. Qc2 Nc6 12. Bb2 Nb4 13. Qd2 d5 14. a3 Nc6 15. Bxg7 Kxg7 16. cxd5 Qxd5 17. b4 cxb4 18. axb4 Nd4 19. Qb2 e5 20. Ne1 Qd7 21. Bxb7 Qxb7 22. e3 Nf5 23. Qxe5+ Kg8 24. e4 Rfe8 25. Qb2 Nd6 26. Nf3 Rad8 27. Rfc1 Nb5 28. Ne5 Rd4 29. Ng4 Qe7 30. Rc4 Red8 31. Rbc1 h5 32. Rxd4 Nxd4 33. Ne3 Qf6 34. Rb1 Nf3+ 35. Kg2 Ne1+ 36. Kf1 Qxb2 37. Rxb2 Nxd3 38. Rd2 Kf8 39. b5 Rd7 40. Nd5 Nc5 41. f3 f5 42. Ke2 fxe4 43. fxe4 Nxe4 44. Ke3 Nxd2 0-1


[Site "https://www.chess.com"]

[Event "Titled Tuesday Blitz March 08 Late 2022"]
[White "Moral Garcia, Serafin"]
[Black "Kim, Sergey"]
[WhiteFideId "2201925"]
[BlackFideId "13700570"]
[WhiteElo "2446"]
[BlackElo "2547"]
[Result "0-1"]
[Round "06"]
[TimeControl "180+1"]
[Date "2022.03.09"]
[WhiteClock "0:00:22"]
[BlackClock "0:00:57"]

1. c4 Nf6 2. Nc3 g6 3. g3 d6 4. Bg2 Bg7 5. d3 O-O 6. Rb1 e5 7. b4 Nh5 8. e3 f5 9. Nge2 Nc6 10. b5 Ne7 11. O-O g5 12. d4 e4 13. d5 Ng6 14. Nd4 Nf6 15. a4 Ne5 16. Qe2 g4 17. a5 Nf3+ 18. Kh1 Nd7 19. h4 Nxd4 20. exd4 Bxd4 21. Qc2 Bg7 22. Ne2 Ne5 23. Nf4 Qe7 24. Nh5 Bh8 25. Bh6 Re8 26. b6 cxb6 27. axb6 a6 28. Rfc1 Nd3 29. Rd1 Bd7 30. Nf4 Ne5 31. c5 dxc5 32. d6 Qf7 33. Qxc5 Rac8 34. Qa5 Rc6 35. Bf1 Rec8 36. Rb2 Nc4 37. Bxc4 Rxc4 38. Nd5 Bxb2 39. Ne7+ Kh8 40. Nxc8 Rxc8 41. Qb4 Bf6 42. Qd2 Qc4 43. Qf4 Qe2 44. Rb1 Qf3+ 0-1


[Site "https://www.chess.com"]

[Event "Titled Tuesday Blitz March 08 Late 2022"]
[White "Morris-Suzuki, Sophie"]
[Black "Romero Ruscalleda, Josep"]
[WhiteFideId "30922615"]
[BlackFideId "2231859"]
[WhiteElo "2496"]
[BlackElo "2322"]
[Result "1-0"]
[Round "06"]
[TimeControl "180+1"]
[Date "2022.03.09"]
[WhiteClock "0:00:03"]
[BlackClock "0:00:01"]

1. e4 g6 2. d4 Bg7 3. Nc3 d6 4. f4 a6 5. Be3 b5 6. Qd2 Nd7 7. Nf3 Bb7 8. Bd3 Ngf6 9. e5 Ng4 10. Be4 Bxe4 11. Nxe4 Nxe3 12. Qxe3 O-O 13. e6 Nb6 14. exf7+ Rxf7 15. Nfg5 Nc4 16. Qh3 h6 17. Nxf7 Kxf7 18. f5 g5 19. Qh5+ Kg8 20. O-O-O Ne3 21. Rde1 Nxf5 22. c3 Qe8 23. Qg4 Qg6 24. h4 b4 25. hxg5 hxg5 26. Qxg5 Qxg5+ 27. Nxg5 Bh6 28. Kb1 Bxg5 29. Rh5 Bf6 30. Rxf5 bxc3 31. bxc3 Rb8+ 32. Kc2 Kf7 33. g4 Rg8 34. g5 Rxg5 35. Rxg5 Bxg5 36. d5 Ke8 37. Re6 a5 38. Kb3 Be3 39. Ka4 Bb6 40. Kb5 Kd7 41. Ka6 Ke8 42. Kb7 Kf7 43. Kc6 Ke8 44. Re4 Kd8 45. Rg4 Ke8 46. Rg8+ Kf7 47. Rd8 e5 48. dxe6+ Kxe6 49. c4 Ke5 50. Kb5 Kd4 51. Rh8 Kc3 52. Rh3+ Kb2 53. Rh2+ Ka3 54. Rc2 Bc5 55. Kc6 Bb6 56. Kd5 a4 57. Kc6 Kb4 58. Kd5 a3 59. Ke4 Kc5 60. Kd3 Ba5 61. Re2 Bb4 62. Re8 c6 63. Rb8 d5 64. cxd5 cxd5 65. Rc8+ Kd6 66. Kd4 Bd2 67. Ra8 Bc1 68. Ra6+ 1-0


[Site "https://www.chess.com"]

[Event "Titled Tuesday Blitz March 08 Late 2022"]
[White "Munoz, Francisco Javier"]
[Black "Osmonbekov, Talaibek"]
[WhiteFideId "128368"]
[BlackFideId "2017253"]
[WhiteElo "2383"]
[BlackElo "2135"]
[Result "1-0"]
[Round "06"]
[TimeControl "180+1"]
[Date "2022.03.09"]
[WhiteClock "0:01:33"]
[BlackClock "0:02:15"]

1. Nf3 d6 2. e4 e5 3. Nc3 f5 4. d4 fxe4 5. Nxe4 Nf6 6. Nxf6+ Qxf6 7. dxe5 dxe5 8. Bg5 Qb6 9. Qd8+ Kf7 10. Nxe5+ Ke6 11. Bc4+ Kxe5 12. f4+ Kf5 13. Qd3+ 1-0


[Site "https://www.chess.com"]